 Dungeon Crawl Stone Soup version 0.28-a0-1594-ga885d4b3d6 (webtiles) character file.

Game seed: 511437708617096181

79 gruber the Chiller (level 4, 0/30 HPs)
             Began as a Demonspawn Ice Elementalist on Jan 20, 2022.
             Slain by a phantom (5 damage)
             ... on level 3 of the Dungeon.
             The game lasted 00:01:56 (2452 turns).

gruber the Chiller (Demonspawn Ice Elementalist)    Turns: 2452, Time: 00:01:56

Health: 0/30       AC:  3    Str:  8    XL:     4   Next: 17%
Magic:  7/8        EV: 12    Int: 19    God:
Gold:   80         SH:  0    Dex: 15    Spells: 4/8 levels left

rFire   . . .      SeeInvis .   d - +0 short sword
rCold   . . .      Faith    .   (no shield)
rNeg    . . .      Spirit   .   a - +0 robe
rPois   .          Reflect  .   (no helmet)
rElec   .          Harm     .   (no cloak)
rCorr   .          Rampage  .   e - +0 pair of gloves
Will    .....                   (no boots)
Stlth   +++.......              (no amulet)
HPRegen 0.10/turn               k - ring of wizardry
MPRegen 0.11/turn               (no ring)

@: no status effects
A: hooves 1, thin skeletal structure 1
a: no special abilities


You were on level 3 of the Dungeon.
You visited 1 branch of the dungeon, and saw 3 of its levels.

You collected 80 gold pieces.

Inventory:

Hand Weapons
 d - a +0 short sword (weapon)
Missiles
 l - 3 poisoned darts
Armour
 a - a +0 robe (worn)
 e - a +0 pair of gloves (worn)
Jewellery
 k - a ring of wizardry (left hand)
Scrolls
 b - 2 scrolls of teleportation {unknown}
 c - 4 scrolls of identify {unknown}
 f - a scroll of fog {unknown}
 j - a scroll of brand weapon {unknown}
Potions
 g - 2 potions of curing {unknown}
 h - a potion of heal wounds {unknown}
 i - a potion of lignification {unknown}


   Skills:
 - Level 1.7 Dodging
 - Level 1.7 Stealth
 + Level 2.9 Spellcasting
 + Level 4.7 Ice Magic


You had 4 spell levels left.
You knew the following spells:

 Your Spells              Type           Power      Damage    Failure   Level
a - Freeze                Ice            80%        1d9       1%          1
b - Frozen Ramparts       Ice            40%        1d6       2%          3

Your spell library contained the following spells:

 Spells                   Type           Power      Damage    Failure   Level
 Ozocubu's Armour         Ice            20%        N/A       2%          3
 Shock                    Conj/Air       8%         1d3       6%          1
 Swiftness                Air            2%         N/A       19%         3
 Hailstorm                Conj/Ice       11%        3d5       22%         4
 Airstrike                Air            1%         N/A       50%         4


Dungeon Overview and Level Annotations

Branches:
Dungeon (3/15)

Altars:
Uskayaw


Innate Abilities, Weirdness & Mutations

You have large cloven feet.
You have a somewhat thin skeletal structure. (Dex +2, Stealth+)


Message History

You punch the phantom, but do no damage.
The phantom is moderately damaged.
The phantom barely misses you. The phantom misses you.
You barely miss the phantom. You kick the phantom.
The phantom is heavily damaged.
The phantom closely misses you.
You barely miss the phantom. You kick the phantom.
The phantom is heavily damaged.
The phantom barely misses you.
You closely miss the phantom.
The phantom is heavily damaged.
The phantom hits you but does no damage.
You hit the phantom. You kick the phantom. Your punch misses the phantom.
The phantom is severely damaged.
The phantom misses you.
You closely miss the phantom.
The phantom is severely damaged.
The phantom hits you.
The phantom blinks!
You blink.
You are too injured to fight recklessly!
You are too injured to fight recklessly!
You are too injured to fight recklessly!
You are too injured to fight recklessly!
You hit the phantom but do no damage.
The phantom is severely damaged.
The phantom misses you.
You barely miss the phantom. Your kick misses the phantom.
The phantom is severely damaged.
The phantom hits you!
* * * LOW HITPOINT WARNING * * *
You hit the phantom.
The phantom is severely damaged.
The phantom hits you.
* * * LOW HITPOINT WARNING * * *
You hit the phantom but do no damage. Your kick misses the phantom.
The phantom is severely damaged.
The phantom hits you but does no damage.
You hit the phantom but do no damage.
The phantom is severely damaged.
The phantom barely misses you. The phantom hits you.
You die...

#........#
##.#.###.#
#.#..##.#
#.##.##.#
#<......##
##.......#
#.#.###.#
#.#.###.#
#.#W@##.#
# ##.##.#
#.##.#
.....#
#.#### #.#
#.# ..#


You could see a phantom.

Vanquished Creatures
  5 adders
  A worm (D:2)
  A dart slug (D:3)
  4 endoplasms
  A giant cockroach (D:3)
  2 goblins
  A hobgoblin (D:3)
  2 jackals (D:3)
  3 quokkas
  2 ball pythons
  A bat (D:2)
  2 frilled lizards
  4 kobolds
  3 rats
32 creatures vanquished.

Notes
Turn   | Place    | Note
-------+----------+-------------------------------------------
     0 | D:1      | gruber the Demonspawn Ice Elementalist began the quest for
                  | the Orb.
     0 | D:1      | Reached XP level 1. HP: 13/13 MP: 3/3
   216 | D:1      | Found a faded altar of an unknown god.
   763 | D:1      | Reached skill level 4 in Ice Magic
   763 | D:1      | Gained mutation: You have large cloven feet. [demonic
                  | ancestry]
   763 | D:1      | Reached XP level 2. HP: 19/19 MP: 3/5
  1198 | D:2      | Reached XP level 3. HP: 23/24 MP: 1/6
  1521 | D:2      | Learned a level 3 spell: Frozen Ramparts
  1897 | D:3      | Gained mutation: You have a somewhat thin skeletal
                  | structure. (Dex +2, Stealth+) [demonic ancestry]
  1897 | D:3      | Reached XP level 4. HP: 11/30 MP: 0/8
  2294 | D:3      | Found a hide-covered altar of Uskayaw.
  2430 | D:3      | Noticed a phantom
  2452 | D:3      | Slain by a phantom

Illustrated notes

Levels and vault maps discovered:
D:1:      minmay_arrival_diagonal_passages, layout_loops_ring,
          shapermc_ecumenical_altar_pompeii, roderic_lattice_a
D:2:      layout_loops_cross
D:3:      layout_loops_cross, mainiacjoe_overflow_boulevard, minmay_bisected

Skill      XL: |  1 |
---------------+----+-----
Ice Magic      | 4 |  4.7
Dodging        | |  1.7
Stealth        | |  1.7
Spellcasting   | |  2.9

Action                   |  1- 3 |  4- 6 || total
-------------------------+-------+-------++-------
Melee: Short sword       |    27 |    29 ||    56
       Kick              |     6 |     7 ||    13
       Punch             |       |     1 ||     1
 Cast: Freeze            |    28 |     5 ||    33
       Frozen Ramparts   |     1 |     2 ||     3
 Stab: Sleeping          |       |     1 ||     1
Armor: Robe              |    12 |     8 ||    20
Dodge: Dodged            |    25 |    17 ||    42

Table legend: (Time is in decaauts)
 A = Elapsed time spent in this place.
 B = Non-inter-level travel time spent in this place.
 C = Inter-level travel time spent in this place.
 D = Time resting spent in this place.
 E = Time spent auto-exploring this place.
 F = Levels seen in this place.
 G = Mean time per level.
                   A        B        C        D        E       F      G
               +--------+--------+--------+--------+--------+-----+--------+
         Total |   2456 |   2411 |     45 |      0 |   2109 |   3 |  818.7 |
       Dungeon |   2456 |   2411 |     45 |      0 |   2109 |   3 |  818.7 |
               +--------+--------+--------+--------+--------+-----+--------+

Top non-repeatable levels by time:
     D:1: 964 daAuts
     D:2: 895 daAuts
     D:3: 596 daAuts
